 Dungeon Sprint DCSS version 0.29-a0-1043-g569b05d6ff (webtiles) character file.

Game seed: 2238930575173026589

609 Zeldest the Martial Artist (level 7, -8/68 HPs)
             Began as a White Draconian Wanderer on Aug 15, 2022.
             Was an Initiate of Jiyva.
             Mangled by a vampire (10 damage)
             ... in the Dungeon (Sprint IX: "|||||||||||||||||||||||||||||").
             The game lasted 00:02:30 (157 turns).

Zeldest the Martial Artist (DrWn)                    Turns: 157, Time: 00:02:30

Health: -8/68      AC:  2    Str: 21    XL:     7   Next: 19%
Magic:  3/8        EV: 24    Int:  9    God:    Jiyva [......]
Gold:   0          SH:  0    Dex: 20    Spells: 4/8 levels left

rFire   . . .      SeeInvis .     - Unarmed
rCold   . . .      Faith    .   (shield currently unavailable)
rNeg    . . .      Spirit   .   (body armour unavailable)
rPois   x          Reflect  .   (helmet currently unavailable)
rElec   .          Harm     .   (cloak currently unavailable)
rCorr   .          Rampage  .   (gloves currently unavailable)
Will    .....      NoTele   +   (boots currently unavailable)
Stlth   ++........              (no amulet)
HPRegen 0.21/turn               o - +3 ring of strength
MPRegen 0.11/turn               p - +3 ring of strength

@: spider-form (expiring)
A: venomous fangs, (breathe frost), AC +6, tiny, unfitting armour, (cold
resistance 1), (cold-blooded)
a: End Transformation, Renounce Religion


You were in the Dungeon.
You worshipped Jiyva.
Jiyva was noncommittal.
You were a venomous arachnid creature.
You visited 1 branch

Inventory:

Hand Weapons
 a - a +0 dagger
 m - a +2 scimitar of flaming
Missiles
 b - an atropa-tipped dart (quivered)
 c - a datura-tipped dart
Armour
 n - a +0 pair of boots (melded)
Jewellery
 o - a +3 ring of strength (left front leg)
 p - a +3 ring of strength (right front leg)
Wands
 l - a wand of iceblast (10)
Scrolls
 j - 2 scrolls of amnesia
 k - a scroll of blinking
Potions
 f - 4 potions of curing
 h - a potion of invisibility
 i - 4 potions of magic
Miscellaneous
 d - a piece from Xom's chessboard (14/15)


   Skills:
 + Level 8.0 Fighting
 + Level 6.2 Dodging
 - Level 2.6 Stealth
 * Level 9.9 Unarmed Combat
 - Level 1.0 Spellcasting
 + Level 6.9 Transmutations
 - Level 2.0 Poison Magic
 - Level 2.0 Evocations


You had 4 spell levels left.
You knew the following spells:

 Your Spells              Type           Power      Damage    Failure   Level
a - Sting                 Tmut/Pois      32%        1d4       17%         1
b - Spider Form           Tmut/Pois      8%         N/A       38%         3

Your spell library contained the following spells:

 Spells                   Type           Power      Damage    Failure   Level


Dungeon Overview and Level Annotations

Branches:
Dungeon (1/1)

Altars:
Cheibriados
Dithmenos
Elyvilon
Fedhas
Gozag
Hepliaklqana
Kikubaaqudgha
Makhleb
Nemelex Xobeh
Okawaru
Qazlal
Ru
Sif Muna
Trog
Uskayaw
Vehumet
Wu Jian
Xom
Yredelemnul
Zin
The Shining One
Jiyva
Lugonu


Innate Abilities, Weirdness & Mutations

You are a venomous arachnid creature.
You have poisonous fangs.
You are tiny and dextrous.
Your spellcasting is less reliable in this form.
Your armour is entirely melded.
You are incapable of wielding weapons or throwing items.
((You can breathe waves of freezing cold which knock back foes.))
((Your icy white scales are hard. (AC +6)))
You cannot fit into any form of body armour.
((Your flesh is cold resistant. (rC+)))
((You are cold-blooded and may be slowed by cold attacks.))


Message History

Your transformation is almost over.
The gnoll sergeant barely misses you.
You hit the gnoll sergeant.
The gnoll sergeant looks even sicker.
The gnoll sergeant is heavily wounded.
The gnoll sergeant hits you with a +0 trident!
* * * LOW HITPOINT WARNING * * *
You maul the gnoll sergeant!!
You kill the gnoll sergeant!
Your piece from Xom's chessboard (15/15) has regained one charge.
Your Dodging skill increases to level 6!
You have reached level 7!
Your scales start taking on an icy white colour.
You learn Fire Magic much slower.
You learn Ice Magic much quicker.
You can breathe waves of freezing cold which knock back foes.
You feel resistant to cold.
You bite the orc warrior!
The orc warrior is poisoned.
The orc warrior is heavily wounded.
The orc warrior hits you with a +0 mace.
* * * LOW HITPOINT WARNING * * *
You hit the orc warrior but do no damage.
The orc warrior looks as sick as possible!
The orc warrior is heavily wounded.
The orc warrior barely misses you.
You bite the orc warrior!
The orc warrior is almost dead.
You kill the orc warrior!
Your Fighting skill increases to level 8!
You can't see anything.
Try to make a move anyway?
You make a move on Xom's chessboard...
Nothing appears to happen.
You hit something. Something misses you. Something bites you!
* * * LOW HITPOINT WARNING * * *
Something draws strength from your injuries!
You hit something. Something misses you. Something barely misses you.
You closely miss something. Something closely misses you. Something bites you.
* * * LOW HITPOINT WARNING * * *
Something draws strength from your injuries!
You can't see any enemies this would affect, really read the scroll of fear?
As you read the scroll of fear, it crumbles to dust.
You assume a fearsome visage.
Nothing appears to happen.
Something hits you!
You die...

▓V▓
▓.▓
▓.▓
▓†▓
▓'▓
▓.▓
▓.▓
▓{▓
▓s▓
▓.▓
▓.▓
▓)▓
▓.▓
▓.▓
▓'▓
▓_▓
▓_▓


There were no monsters in sight!

Vanquished Creatures
  A yak (D)
  2 orc warriors (D)
  A black bear (D)
  A gnoll sergeant (D)
  A scorpion (D)
  A killer bee (D)
  An adder (D)
  2 orcs (D)
  A ball python (D)
  A bat (D)
  A giant cockroach (D)
  2 kobolds (D)
15 creatures vanquished.

Vanquished Creatures (others)
  2 great orbs of eyes (D)
  A slime creature (D)
3 creatures vanquished.

Grand Total: 18 creatures vanquished

Notes
Turn   | Place    | Note
-------+----------+-------------------------------------------
     0 | D        | Zeldest the Draconian Wanderer began the quest for the Orb.
     0 | D        | Zeldest set off with the following items: a +0 dagger, an
                  | atropa-tipped dart, a datura-tipped dart, a piece from
                  | Xom's chessboard (15/15), a scroll of fear, a potion of
                  | curing, a potion of heal wounds, a potion of haste, 2
                  | potions of magic, a potion of berserk rage, a scroll of
                  | blinking; and the following spell memorised: Sting; and the
                  | following spells available to memorise: Spider Form.
     0 | D        | Reached XP level 1. HP: 17/17 MP: 2/2
    11 | D        | Reached skill level 1 in Unarmed Combat
    15 | D        | Reached skill level 1 in Transmutations
    22 | D        | Reached skill level 1 in Dodging
    25 | D        | Reached skill level 2 in Unarmed Combat
    31 | D        | Noticed a scorpion
    31 | D        | Noticed a black bear
    36 | D        | Reached XP level 2. HP: 25/25 MP: 3/3
    44 | D        | Killed a black bear
    45 | D        | Reached skill level 5 in Unarmed Combat
    45 | D        | Reached XP level 3. HP: 28/35 MP: 4/4
    45 | D        | Reached XP level 4. HP: 33/41 MP: 5/5
    54 | D        | Reached skill level 5 in Fighting
    57 | D        | Killed a scorpion
    58 | D        | Reached skill level 6 in Unarmed Combat
    58 | D        | Reached XP level 5. HP: 25/50 MP: 6/6
    62 | D        | Found a snail-covered altar of Cheibriados.
    62 | D        | Found a shadowy altar of Dithmenos.
    62 | D        | Found a white marble altar of Elyvilon.
    62 | D        | Found a blossoming altar of Fedhas.
    62 | D        | Found an opulent altar of Gozag.
    63 | D        | Found a hazy altar of Hepliaklqana.
    64 | D        | Found a viscous altar of Jiyva.
    65 | D        | Found an ancient bone altar of Kikubaaqudgha.
    66 | D        | Found a corrupted altar of Lugonu.
    67 | D        | Found a burning altar of Makhleb.
    68 | D        | Found a sparkling altar of Nemelex Xobeh.
    69 | D        | Found an iron altar of Okawaru.
    70 | D        | Found a stormy altar of Qazlal.
    71 | D        | Found a sacrificial altar of Ru.
    72 | D        | Became a worshipper of Jiyva Jetoang the Shapeless
    73 | D        | Found a shimmering blue altar of Sif Muna.
    74 | D        | Found a bloodstained altar of Trog.
    75 | D        | Found a hide-covered altar of Uskayaw.
    75 | D        | Killed a slime creature
    75 | D        | Killed a great orb of eyes
    75 | D        | Killed a great orb of eyes
    76 | D        | Found a radiant altar of Vehumet.
    77 | D        | Found an ornate altar of the Wu Jian Council.
    78 | D        | Found a shimmering altar of Xom.
    79 | D        | Found a basalt altar of Yredelemnul.
    80 | D        | Found a glowing silver altar of Zin.
    81 | D        | Found a glowing golden altar of the Shining One.
   117 | D        | Learned a level 3 spell: Spider Form
   119 | D        | Noticed a vampire
   119 | D        | Noticed an orc warrior
   119 | D        | Noticed an orc warrior
   119 | D        | Noticed a yak
   127 | D        | Killed a yak
   128 | D        | Reached skill level 5 in Dodging
   128 | D        | Reached skill level 8 in Unarmed Combat
   128 | D        | Reached skill level 5 in Transmutations
   128 | D        | Reached XP level 6. HP: 39/58 MP: 3/7
   140 | D        | Killed an orc warrior
   141 | D        | Reached skill level 9 in Unarmed Combat
   150 | D        | Your scales start taking on an icy white colour.
   150 | D        | Reached XP level 7. HP: 19/67 MP: 2/8
   150 | D        | Gained mutation: Your flesh is cold resistant. (rC+) [White
                  | Draconian growth]
   156 | D        | HP: 2/68 [something (4)]
   157 | D        | Mangled by a vampire

Illustrated notes

Levels and vault maps discovered:
D:        linesprint [early_d, line_temple, items_1, d_10, items_2, lair_1,
          lair_end, items_3, orc_1, orc_end, items_4, d_15, swamp_1, shoals_1,
          snake_1, spider_1, d_20, vaults_1, items_5, swamp_end, shoals_end,
          snake_end, spider_end, vaults_end, d_27, items_6, zot_1, zot_end,
          crypt_end, forest_end, elf_end, slime_end, tomb_end, abyss_end,
          pan_hell_end]

Skill      XL: |  1  2  3  4  5  6  7 |
---------------+----------------------+-----
Unarmed Combat | 2 5 6 8 9 |  9.9
Transmutations | 1 3 4 5 6 |  6.9
Dodging        | 1 3 4 5 6 |  6.2
Fighting       | 4 5 6 7 8 |  8.0
Stealth        | |  2.6
Spellcasting   | |  1.0
Poison Magic   | |  2.0
Evocations     | |  2.0

Action                   |  1- 3 |  4- 6 |  7- 9 || total
-------------------------+-------+-------+-------++-------
Melee: Unarmed           |    30 |    27 |     6 ||    63
       Tailslap          |     3 |     1 |       ||     4
       Punch             |       |     1 |       ||     1
 Cast: Spider Form       |       |     2 |       ||     2
Evoke: Piece from Xom's  |       |     6 |     1 ||     7
  Use: Potion            |     2 |     4 |       ||     6
       Scroll            |       |     1 |     1 ||     2
 Stab: Paralysed         |       |     3 |       ||     3
Armor: Skin              |    11 |     2 |       ||    13
Dodge: Dodged            |    13 |    15 |     5 ||    33

Table legend: (Time is in decaauts)
 A = Elapsed time spent in this place.
 B = Non-inter-level travel time spent in this place.
 C = Inter-level travel time spent in this place.
 D = Time resting spent in this place.
 E = Time spent auto-exploring this place.
 F = Levels seen in this place.
 G = Mean time per level.
                   A        B        C        D        E       F      G
               +--------+--------+--------+--------+--------+-----+--------+
         Total |    144 |    144 |      0 |      0 |      0 |   1 |  144.0 |
       Dungeon |    144 |    144 |      0 |      0 |      0 |   1 |  144.0 |
               +--------+--------+--------+--------+--------+-----+--------+

Top non-repeatable levels by time:
       D: 144 daAuts
